 Dungeon Crawl Stone Soup version 0.17.2-1-ge4368a0 (webtiles) character file.

39 hexophile the Insei (level 3, -4/29 HPs)
             Began as a Human Monk on May 4, 2017.
             Slain by a gnoll
             ... wielding a cursed +0 club
              (9 damage)
             ... on level 1 of the Dungeon.
             The game lasted 00:02:26 (1651 turns).

hexophile the Insei (Human Monk)                    Turns: 1651, Time: 00:02:26

Health: -4/29      AC:  2    Str: 12    XL:     3   Next: 67%
Magic:  3/3        EV: 13    Int: 10    God:
Gold:   102        SH:  0    Dex: 15    Spells: 0 memorised, 2 levels left

rFire  . . .     SeeInvis .       - Unarmed
rCold  . . .     Clarity  .     a - +0 robe
rNeg   . . .     SustAt   .     (no shield)
rPois  .         Gourm    .     (no helmet)
rElec  .         Spirit   .     (no cloak)
rCorr  .         Warding  .     (no gloves)
rMut   .         Stasis   .     (no boots)
MR     .....                    (no amulet)
Stlth  ++........               (no ring)
                                (no ring)

@: not resistant to hostile enchantments, unstealthy
A: no striking features
a: no special abilities


You were on level 1 of the Dungeon.
You were not hungry.

You visited 1 branch of the dungeon, and saw 2 of its levels.

You collected 102 gold pieces.

Inventory:

Missiles
 d - 9 poisoned needles
Armour
 a - a +0 robe (worn)
Jewellery
 e - a cursed ring of loudness {unknown}
Scrolls
 b - a scroll of enchant armour {unknown}
 c - a scroll of teleportation {unknown}
 h - 3 scrolls of identify {unknown}
Potions
 f - 2 potions of curing {unknown}
 g - a potion of flight {unknown}
Comestibles
 i - a chunk of flesh
 r - a bread ration


You had 2 spell levels left.
You didn't know any spells.


   Skills:
 + Level 3.0 Fighting
 - Level 3.0 Dodging
 - Level 2.0 Stealth
 * Level 5.1 Unarmed Combat

Dungeon Overview and Level Annotations

Branches:
Dungeon (2/15)

Altars:
Qazlal

Vault maps used:
D:1:      dpeg_arrival_line_fractal, st_stairs_7, grunt_decor_mini_mirrors
D:2:      lemuel_zombie_altar_yredelemnul, old_standard_altar,
          grunt_ministairs_11, kennysheep_generic_room_11, uniq_robin
You       could see a gnoll.


Message History

A gnoll comes into view. It is wielding a club.
There are monsters nearby!
The gnoll shouts!
The gnoll misses you.
A gnoll comes into view. It is wielding a club.
The gnoll hits you from afar with a halberd!
You lost 14 HP.
You have now: 15/29 HP.
There is an open door here.
You close the door.
A gnoll opens the door.
There is an open door here.
There is a stone staircase leading up here.
The gnoll barely misses you.
You climb upwards.
A hobgoblin comes into view.
There is a stone staircase leading down here.
A hobgoblin is nearby!
The hobgoblin shouts!
You barely miss the hobgoblin. Your punch misses the hobgoblin.
The hobgoblin barely misses you.
You hit the hobgoblin but do no damage. The hobgoblin closely misses you.
You punch the hobgoblin!
You kill the hobgoblin!
No target in view!
You see here a hobgoblin corpse.
There isn't anything here!
You see here a hobgoblin corpse.
You butcher the hobgoblin corpse.
i - a chunk of flesh You see here a hobgoblin skeleton.
You start resting.
HP restored.
Restored 11 HP.
You have now: 29/29 HP.
There is a stone staircase leading down here.
You climb downwards.
The gnoll hits you with a club. The gnoll hits you with a halberd!
The gnoll hits you with a club.
There is a stone staircase leading up here.
You lost 14 HP.
You have now: 15/29 HP.
The gnoll hits you with a halberd.
You climb upwards.
There is a stone staircase leading down here.
You lost 2 HP.
You have now: 13/29 HP.
The gnoll hits you with a club.
* * * LOW HITPOINT WARNING * * *
You lost 4 HP.
You have now: 9/29 HP.
The gnoll closely misses you. The gnoll hits you with a club.
* * * LOW HITPOINT WARNING * * *
You lost 5 HP.
You have now: 4/29 HP.
Unknown command.
The gnoll hits you with a club!
You die...

Action                   || total
-------------------------++-------
Melee: Unarmed           ||   105
 Stab: Sleeping          ||     8
       Distracted        ||     1
  Eat: Chunk             ||     2

Notes
Turn   | Place    | Note
--------------------------------------------------------------
     0 | D:1      | hexophile the Human Monk began the quest for the Orb.
     0 | D:1      | Reached XP level 1. HP: 18/18 MP: 1/1
   230 | D:1      | Reached XP level 2. HP: 17/24 MP: 2/2
   748 | D:1      | Reached XP level 3. HP: 25/29 MP: 3/3
  1015 | D:2      | Reached skill level 5 in Unarmed Combat
  1262 | D:2      | Found a stormy altar of Qazlal.
  1651 | D:1      | Slain by a gnoll

Table legend:
 A = Turns spent in this place as a percentage of turns spent in the entire game.
 B = Non-inter-level travel turns spent in this place as a percentage of non-inter-level travel turns spent in the entire game.
 C = Inter-level travel turns spent in this place as a percentage of turns spent in this place.
 D = Turns resting spent in this place as a percentage of non-inter-level travel turns spent in this place.
 E = Turns spent auto-exploring this place as a percentage of non-inter-level travel turns spent in this place.
 F = Non-inter-level travel turns spent in this place divided by the number of levels of this place that you've seen.
                   A       B       C       D       E      F
               +-------+-------+-------+-------+-------+----------------------
         Total | 100.0 | 100.0 |   0.2 |   2.7 |   5.1 | 262.5
       Dungeon | 100.0 | 100.0 |   0.2 |   2.7 |   5.1 | 262.5
               +-------+-------+-------+-------+-------+----------------------

Table legend:
 A = Kills in this place as a percentage of kills in entire the game.
 B = Kills by you in this place as a percentage of kills by you in the entire game.
 C = Kills by friends in this place as a percentage of kills by friends in the entire game.
 D = Other kills in this place as a percentage of other kills in the entire game.
 E = Experience gained in this place as a percentage of experience gained in the entire game.
 F = Experience gained in this place divided by the number of levels of this place that you have seen.
                   A       B       C       D       E      F
               +-------+-------+-------+-------+-------+----------------------
         Total | 100.0 | 100.0 |  -nan |  -nan | 100.0 |  28.0
       Dungeon | 100.0 | 100.0 |  -nan |  -nan | 100.0 |  28.0
               +-------+-------+-------+-------+-------+----------------------

Vanquished Creatures
  An adder (D:2)
  4 bats
  2 goblins (D:1)
  5 hobgoblins (D:1)
  A jackal (D:1)
  2 quokkas (D:2)
  2 giant cockroaches (D:1)
  A giant gecko (D:2)
  6 giant newts
  4 kobolds (D:1)
  2 rats (D:1)
30 creatures vanquished.
